cohdb
Replays
Latest Replays
All Replays
Popular Replays
Top Player Replays
Match Explorer
How It Works
Community
CoH3 Stats
Reddit
Sign in to upload your games and track your stats! →
Sign in with Steam
Match 43375143
Unlisted
Match 43375143
Overview
Messages
Build Orders
End
Construct Section Command Post
Royal Engineer Section
Selects Heavy Armor Battlegroup
Infantry Section
Infantry Section
Dingo Light Scout Car
Construct Platoon Command Post
Construct Field Infirmary
Selects Rigorous Vehicle Training
Infantry Section
Humber Armored Car
Grenade Package
Selects Light Vehicle Withdraw and Refit
Selects UNKNOWN (202330)
Infantry Training
6-pounder Anti-tank Gun Team
6-pounder Anti-tank Gun Team
Construct Company Command Post
Crusader II Medium Tank
Crusader II Medium Tank
Draj
Willaguy
0
0
Comments
sign in to comment!
No comments posted yet!